Map: Abiogenesis LE

Players

Maru - Winner!

  • Race: Terran Terran
  • Spawn Location: 11:00

Scarlett

  • Race: Zerg Zerg
  • League: Master
  • Spawn Location: 5:00

Event: WESG 2017 Haikou

VOD

Have the link to the VOD?

Description

Time

  • Played on: March 16, 2018, 3:23 a.m.
  • Length: 10:52

All games in this series

Show
View Real Time Build Order
Export as new Build Order

Maru Terran - Winner!

Build Orders: MMM Bio 

Get SALT Encoding   

  12  0:00  SCV  
  13  0:13  SCV  
  14  0:18  Supply Depot  
  14  0:25  SCV  
  15  0:40  SCV  
  15  0:41  Barracks  
  16  0:44  Refinery  
  16  0:52  SCV  
  17  0:59  Barracks  
  17  1:04  SCV  
  18  1:16  SCV  
  19  1:29  Orbital Command, Reaper  
  20  1:36  Barracks  
  20  1:44  Refinery  
  20  1:46  Reaper  
  21  1:53  Supply Depot  
  21  1:57  SCV  
  22  2:03  Reaper  
  23  2:15  SCV  
  24  2:18  Reaper  
  25  2:23  Supply Depot  
  25  2:25  Reaper  
  25  2:27  SCV  
  27  2:35  Reaper  
  28  2:39  SCV  
  29  2:50  Reaper  
  29  2:51  SCV  
  31  2:59  Command Center  
  31  3:04  Reaper  
  31  3:05  SCV  
  32  3:21  SCV  
  32  3:25  Reaper  
  33  3:32  Engineering Bay x2  
  33  3:33  Reaper  
  33  3:38  Barracks Tech Lab  
  33  3:39  SCV  
  34  3:53  SCV, Barracks  
  34  3:54  Barracks  
  35  4:05  SCV  
  36  4:11  Orbital Command  
  36  4:15  Stimpack  
  36  4:20  Marine x2  
  36  4:23  Reaper  
  36  4:24  SCV  
  40  4:30  Supply Depot  
  40  4:36  SCV x2  
  40  4:38  Marine, Reaper  
  24  4:47  Terran Infantry Weapons Level 1, Terran Infantry Armor Level 1  
  23  4:56  SCV  
  24  5:03  SCV  
  26  5:09  Reaper  
  27  5:18  SCV x2  
  27  5:20  Barracks Reactor  
  28  5:21  Barracks Reactor  
  28  5:30  SCV  
  29  5:36  SCV  
  29  5:40  Marine  
  29  5:42  SCV  
  32  5:48  SCV  
  33  5:54  SCV  
  33  5:56  Factory  
  34  5:58  Marine  
  34  5:59  Marine  
  34  6:00  SCV, Marine  
  34  6:01  Marine  
  39  6:06  Supply Depot  
  39  6:10  Marine  
  40  6:16  Combat Shields  
  40  6:17  SCV  
  41  6:19  Marine  
  41  6:22  SCV  
  43  6:31  SCV, Marine  
  45  6:36  SCV  
  45  6:38  Marine x4  
  50  6:45  Starport  
  50  6:48  Factory Reactor  
  50  6:52  SCV x2  
  52  6:56  Supply Depot  
  52  6:58  Marine x2  
  52  7:00  Marine  
  55  7:04  SCV  
  55  7:08  SCV  
  57  7:09  Marine  
  58  7:17  SCV  
  58  7:20  SCV  
  58  7:22  Marine x2  
  62  7:29  SCV  
  63  7:32  SCV, Marine  
  63  7:33  Marine, Factory Tech Lab  
  63  7:34  Marine  
  67  7:40  Marine  
  67  7:43  Marine  
  52  7:46  Medivac  
  52  7:49  Medivac  
  52  7:50  Marine  
  57  7:51  Marine  
  57  7:52  Marine  
  57  7:57  Marine  
  57  7:58  SCV  
  61  8:01  Marine  
  61  8:03  Siege Tank  
  65  8:10  SCV x2  
  65  8:12  Supply Depot  
  67  8:16  Marine  
  67  8:22  SCV  
  67  8:24  Marine  
  68  8:29  Marine x2  
  68  8:31  Marine  
  69  8:35  Siege Tank  
  69  8:39  Marine  
  69  8:40  Medivac  
  69  8:41  SCV, Marine, Supply Depot  
  74  8:44  SCV  
  74  8:45  Armory  
  74  8:47  Marine x2  
  77  8:52  Refinery x2  
  77  8:53  SCV  
  78  9:03  Marine, Medivac  
  78  9:04  Marine x3, Supply Depot  
  78  9:08  SCV x2  
  82  9:25  SCV x2, Marine  
  82  9:27  Marine x2  
  83  9:35  Supply Depot  
  83  9:37  SCV x2  
  85  9:44  Supply Depot  
  85  9:49  SCV, Command Center, Barracks Reactor  
  86  9:57  SCV  
  87  10:00  Siege Tank, Supply Depot x2  
  87  10:01  Marine  
  87  10:02  SCV  
  92  10:13  Marine x2  
  93  10:14  SCV  
  93  10:19  Marine  
  88  10:30  Marine x3  
  88  10:34  Barracks  
  96  10:35  Barracks  
Show
View Real Time Build Order
Export as new Build Order

Scarlett Zerg 

Build Orders: Hatch First, Zergling Baneling 

Get SALT Encoding   

  12  0:00  Drone  
  13  0:12  Overlord  
  13  0:17  Drone  
  14  0:30  Drone x2  
  16  0:48  Hatchery  
  15  0:51  Drone  
  15  0:54  Drone  
  17  0:57  Extractor  
  16  1:11  Spawning Pool  
  16  1:14  Drone  
  16  1:18  Drone  
  17  1:21  Drone  
  18  1:29  Drone  
  19  1:39  Overlord  
  19  1:57  Metabolic Boost  
  19  1:58  Queen  
  19  2:00  Queen  
  23  2:04  Zergling x2  
  23  2:07  Zergling x2  
  25  2:12  Zergling x2  
  26  2:16  Zergling x2  
  26  2:17  Zergling x2  
  28  2:23  Zergling x2  
  28  2:33  Queen  
  30  2:45  Overlord  
  30  2:46  Queen  
  32  2:54  Drone  
  32  2:55  Zergling x2  
  34  2:58  Zergling x2  
  35  3:06  Baneling Nest  
  32  3:23  Zergling x12  
  38  3:38  Zergling x4  
  40  3:44  Zergling x6  
  43  3:51  Baneling x7  
  43  3:53  Baneling  
  43  3:57  Baneling, Zergling x2  
  44  4:04  Overlord  
  41  4:28  Zergling x14  
  47  4:35  Zergling x2  
  47  4:36  Zergling x4  
  39  4:38  Zergling x2  
  39  4:44  Drone  
  39  4:45  Drone  
  41  4:47  Drone  
  41  4:52  Drone  
  41  4:55  Drone  
  41  4:57  Drone  
  43  5:03  Drone  
  43  5:07  Drone  
  45  5:08  Evolution Chamber  
  44  5:17  Drone x2  
  46  5:23  Drone  
  46  5:24  Drone, Overlord  
  48  5:31  Drone  
  48  5:32  Drone x3  
  52  5:39  Zerg Ground Armor Level 1  
  51  5:49  Drone  
  52  5:50  Drone x2  
  52  5:52  Overlord  
  52  5:53  Extractor  
  52  5:54  Zergling x4  
  55  5:57  Lair  
  55  6:08  Hatchery  
  55  6:10  Drone  
  55  6:11  Drone  
  56  6:15  Drone  
  57  6:19  Drone x3  
  60  6:25  Overlord  
  60  6:26  Overlord  
  60  6:28  Zergling x4  
  62  6:33  Drone, Evolution Chamber  
  62  6:34  Baneling  
  62  6:35  Baneling  
  62  6:37  Baneling x3  
  62  6:38  Baneling  
  62  6:40  Zergling x2  
  63  6:59  Zerg Melee Weapons Level 1  
  63  7:01  Drone  
  63  7:02  Extractor  
  63  7:03  Drone x2  
  63  7:04  Drone x3  
  63  7:07  Drone x5  
  71  7:17  Queen  
  73  7:26  Centrifical Hooks  
  73  7:27  Zergling x12  
  79  7:31  Baneling  
  64  7:45  Zergling x18  
  72  7:55  Zergling x8  
  76  7:59  Queen  
  78  8:08  Zergling x2  
  78  8:09  Zergling x6  
  78  8:25  Zergling x16  
  81  8:36  Zergling x8  
  85  8:42  Zergling x2  
  85  8:46  Baneling x13  
  85  8:47  Baneling x5  
  85  8:48  Baneling x5  
  86  8:49  Zergling x2  
  86  8:50  Zergling x6  
  86  8:52  Overlord  
  86  8:54  Overlord  
  69  9:25  Zergling x24  
  69  9:30  Queen  
  64  9:37  Drone  
  65  9:38  Zergling x2  
  65  9:39  Zergling x6  
  69  9:49  Drone x2  
  69  9:50  Drone  
  72  9:54  Hatchery  
  72  9:55  Baneling x5  
  72  9:59  Queen  
  71  10:06  Queen  
  74  10:10  Queen  
  74  10:12  Drone x4  
  74  10:13  Drone  
  74  10:14  Zergling x2  
  72  10:28  Zergling x2  
  72  10:29  Zergling x12  
  72  10:32  Zergling x2  
  72  10:34  Zergling x2  
  72  10:35  Zergling x6  
Tags
 
Add a new tag
Caveats
  • Supply blocks, unpowered buildings, or Contaminate may cause inaccurate times.
  • Supply counts are checked every 10 seconds.